 Dungeon Crawl Stone Soup version 0.28.0-1-gb440e238dd (webtiles) character file.

Game seed: 15156283387282271549

487 Ablot the Grasshopper (level 7, -5/56 HPs)
             Began as a Gnoll Warper on Feb 24, 2022.
             Splashed by a jelly's acid (10 damage)
             ... on level 5 of the Dungeon.
             The game lasted 00:04:40 (5197 turns).

Ablot the Grasshopper (Gnoll Warper)                Turns: 5197, Time: 00:04:41

Health: -5/56      AC: -11   Str: 12    XL:     7   Next: 13%
Magic:  15/15      EV: 13    Int: 12    God:
Gold:   252        SH:  0    Dex: 12    Spells: 17/17 levels left

rFire   . . .      SeeInvis .   a - +0 spear
rCold   . . .      Faith    .   (no shield)
rNeg    . . .      Spirit   .   b - +0 leather armour
rPois   .          Reflect  .   (no helmet)
rElec   .          Harm     .   f - +0 cloak
rCorr   .          Rampage  .   (no gloves)
Will    .....                   (no boots)
Stlth   ++........              (no amulet)
HPRegen 0.18/turn               (no ring)
MPRegen 0.14/turn               (no ring)

@: corroded
A: fangs 1, strong nose, distributed training
a: no special abilities


You were on level 5 of the Dungeon.
You visited 1 branch of the dungeon, and saw 5 of its levels.

You collected 252 gold pieces.

Inventory:

Hand Weapons
 a - a +0 spear (weapon)
Missiles
 d - 5 boomerangs of dispersal
 g - 45 bolts
 h - 14 sling bullets
 i - 22 stones
 j - 5 poisoned darts (quivered)
 l - 30 arrows
 p - a silver boomerang
Armour
 b - a +0 leather armour (worn)
 f - a +0 cloak (worn)
Scrolls
 c - a scroll of blinking
 e - 3 scrolls of identify {unknown}
 m - a scroll of enchant weapon {unknown}
 o - a scroll of teleportation {unknown}
 q - 2 scrolls of brand weapon {unknown}
 r - a scroll of fog {unknown}
 t - a scroll of amnesia {unknown}
Potions
 k - 2 potions of lignification {unknown}
 n - a potion of degeneration {unknown}
 s - a potion of brilliance {unknown}


   Skills:
 + Level 5.1 Fighting
 + Level 2.3 Short Blades
 + Level 2.3 Long Blades
 + Level 2.3 Axes
 + Level 2.3 Maces & Flails
 + Level 5.1 Polearms
 + Level 2.3 Staves
 + Level 2.3 Slings
 + Level 2.3 Bows
 + Level 2.3 Crossbows
 + Level 3.5 Throwing
 + Level 3.5 Armour
 + Level 5.1 Dodging
 + Level 2.3 Stealth
 + Level 2.3 Shields
 + Level 2.3 Unarmed Combat
 + Level 5.5 Spellcasting
 + Level 1.8 Conjurations
 + Level 1.8 Hexes
 + Level 1.8 Summonings
 + Level 1.8 Necromancy
 + Level 5.8 Translocations
 + Level 1.8 Transmutations
 + Level 1.8 Fire Magic
 + Level 1.8 Ice Magic
 + Level 1.8 Air Magic
 + Level 1.8 Earth Magic
 + Level 1.8 Poison Magic
 + Level 2.5 Invocations
 + Level 2.3 Evocations


You had 17 spell levels left.
You didn't know any spells.
Your spell library contained the following spells:

 Spells                   Type           Power      Damage    Failure   Level
 Blink                    Tloc           34%        N/A       3%          2
 Gell's Gravitas          Tloc           17%        N/A       7%          3
 Lesser Beckoning         Tloc           17%        N/A       7%          3
 Teleport Other           Tloc           17%        N/A       7%          3
 Summon Small Mammal      Summ           28%        N/A       11%         1
 Call Canine Familiar     Summ           7%         N/A       32%         3
 Summon Guardian Golem    Hex/Summ       7%         N/A       32%         3
 Manifold Assault         Tloc           17%        N/A       52%         5


Dungeon Overview and Level Annotations

Branches:
Dungeon (5/15)
 Temple: D:4-7

Altars:
Sif Muna
Xom
Yredelemnul


Innate Abilities, Weirdness & Mutations

You have very sharp teeth.
Your uncanny sense of smell can sniff out nearby items.
Your experience applies equally to all skills.


Message History

You now have 252 gold pieces (gained 6).
A jelly comes into view.
Found an agate ring.
Found a stone staircase leading down.
You barely miss the jelly. You hit the jelly but do no damage.
Your hands burn!
The jelly hits you but does no damage.
You hit the jelly.
Your hands burn!
The jelly is moderately wounded.
The jelly hits you. The acid corrodes you!
You are splashed with acid!
You hit the jelly but do no damage.
Your hands burn!
The jelly is moderately wounded.
The jelly hits you. The acid corrodes you!
You are splashed with acid!
You hit the jelly but do no damage. The acid corrodes you!
Your hands burn!
You bite the jelly, but do no damage.
The jelly is moderately wounded.
The jelly barely misses you.
You are too injured to fight recklessly!
You are too injured to fight recklessly!
You barely miss the jelly.
The jelly is moderately wounded.
The jelly barely misses you.
You hit the jelly but do no damage. The acid corrodes you!
Your hands burn!
The jelly is moderately wounded.
You hit the jelly but do no damage. The acid corrodes you!
Your hands burn!
The jelly is moderately wounded.
The jelly hits you.
You are splashed with acid.
* * * LOW HITPOINT WARNING * * *
You hit the jelly.
Your hands burn!
* * * LOW HITPOINT WARNING * * *
You bite the jelly, but do no damage.
The jelly is heavily wounded.
The jelly barely misses you.
You hit the jelly but do no damage.
Your hands burn!
* * * LOW HITPOINT WARNING * * *
The jelly is heavily wounded.
The hound skeleton misses you. The jelly hits you.
* * * LOW HITPOINT WARNING * * *
You are splashed with acid!
You die...

##....# # #. .......#.#
#. #......#.#.
#.......#.
#........#......
#......=.#......
#....8J..#.....#.
#..8..@8###.....####
#....Z...#.....# #.# ##
#........#.....###.###.
.........#.#.....##...#.
..................'.....
>........#.#.....##...#<
##........#.....###.#.#.
#........#.....# #.#.##
#..8...8###.....####.#


You could see a jelly and a hound skeleton.

Vanquished Creatures
  An ogre (D:4)
  A water moccasin skeleton (D:4)
  2 crimson imps (D:3)
  An orc priest (D:4)
  Natasha (thrice) (D:2)
  2 orc wizards
  6 adders
  3 worms
  A dart slug (D:1)
  6 orcs
  2 bats (D:2)
  8 endoplasms
  A giant cockroach (D:3)
  2 goblins
  11 hobgoblins
  4 jackals
  2 quokkas
  6 ball pythons
  A frilled lizard (D:1)
  4 kobolds
  A quokka skeleton (D:4)
  A rat (D:2)
69 creatures vanquished.

Vanquished Creatures (others)
  9 fungi (D:3)
  3 toadstools (D:3)
12 creatures vanquished.

Grand Total: 81 creatures vanquished

Notes
Turn   | Place    | Note
-------+----------+-------------------------------------------
     0 | D:1      | Ablot the Gnoll Warper began the quest for the Orb.
     0 | D:1      | Reached XP level 1. HP: 20/20 MP: 6/6
   349 | D:1      | Reached XP level 2. HP: 25/26 MP: 7/7
   929 | D:2      | Reached XP level 3. HP: 31/31 MP: 9/9
   935 | D:2      | Reached skill level 5 in Spellcasting
  1010 | D:2      | Noticed Natasha
  1021 | D:2      | Killed Natasha
  1022 | D:2      | Reached skill level 1 in Short Blades
  1022 | D:2      | Reached skill level 1 in Long Blades
  1022 | D:2      | Reached skill level 1 in Axes
  1022 | D:2      | Reached skill level 1 in Maces & Flails
  1022 | D:2      | Reached skill level 1 in Staves
  1022 | D:2      | Reached skill level 1 in Slings
  1022 | D:2      | Reached skill level 1 in Bows
  1022 | D:2      | Reached skill level 1 in Crossbows
  1022 | D:2      | Reached skill level 1 in Stealth
  1022 | D:2      | Reached skill level 1 in Shields
  1022 | D:2      | Reached skill level 1 in Unarmed Combat
  1022 | D:2      | Reached skill level 1 in Invocations
  1022 | D:2      | Reached skill level 1 in Evocations
  1303 | D:2      | Reached XP level 4. HP: 23/38 MP: 11/11
  1462 | D:2      | Noticed Natasha
  1474 | D:2      | Killed Natasha
  1475 | D:2      | Reached skill level 1 in Conjurations
  1475 | D:2      | Reached skill level 1 in Hexes
  1475 | D:2      | Reached skill level 1 in Summonings
  1475 | D:2      | Reached skill level 1 in Necromancy
  1475 | D:2      | Reached skill level 1 in Transmutations
  1475 | D:2      | Reached skill level 1 in Fire Magic
  1475 | D:2      | Reached skill level 1 in Ice Magic
  1475 | D:2      | Reached skill level 1 in Air Magic
  1475 | D:2      | Reached skill level 1 in Earth Magic
  1475 | D:2      | Reached skill level 1 in Poison Magic
  1749 | D:2      | Noticed Natasha
  1761 | D:2      | Killed Natasha
  1762 | D:2      | Reached XP level 5. HP: 11/43 MP: 12/12
  2104 | D:2      | Found a faded altar of an unknown god.
  2863 | D:3      | Found a basalt altar of Yredelemnul.
  3305 | D:3      | Found a shimmering altar of Xom.
  3342 | D:3      | Reached XP level 6. HP: 43/50 MP: 13/13
  3549 | D:3      | Found a shimmering blue altar of Sif Muna.
  4008 | D:4      | Reached skill level 5 in Fighting
  4008 | D:4      | Reached skill level 5 in Polearms
  4008 | D:4      | Reached skill level 5 in Dodging
  4615 | D:4      | Reached XP level 7. HP: 56/56 MP: 15/15
  5049 | D:5      | Entered Level 5 of the Dungeon
  5197 | D:5      | Splashed by a jelly's acid

Illustrated notes

Levels and vault maps discovered:
D:1:      mrwooster_arrival_statue_2, layout_loops_ring, minmay_hedge_maze
D:2:      layout_loops_ring, chequers_ecumenical_altar_island, uniq_natasha
D:3:      layout_basic, led_xom_imps, mainiacjoe_overflow_chevrons,
          mainiacjoe_overflow_alcove_1, dk_noncrumbling_3,
          minmay_gold_behind_fungi
D:4:      layout_gridville
D:5:      wad_pebble_path, layout_loops_cross, tso_metal_star,
          grunt_ministairs_2, minmay_misc_feat_square, st_stairs_12,
          kennysheep_dice, uniq_sigmund

Skill      XL: |  1  2  3  4  5  6 |
---------------+-------------------+-----
Spellcasting   | 5 |  5.5
Short Blades   | 1 2 |  2.3
Long Blades    | 1 2 |  2.3
Axes           | 1 2 |  2.3
Maces & Flails | 1 2 |  2.3
Staves         | 1 2 |  2.3
Slings         | 1 2 |  2.3
Bows           | 1 2 |  2.3
Crossbows      | 1 2 |  2.3
Stealth        | 1 2 |  2.3
Shields        | 1 2 |  2.3
Unarmed Combat | 1 2 |  2.3
Invocations    | 1 2 |  2.5
Evocations     | 1 2 |  2.3
Conjurations   | 1 |  1.8
Hexes          | 1 |  1.8
Summonings     | 1 |  1.8
Necromancy     | 1 |  1.8
Transmutations | 1 |  1.8
Fire Magic     | 1 |  1.8
Ice Magic      | 1 |  1.8
Air Magic      | 1 |  1.8
Earth Magic    | 1 |  1.8
Poison Magic   | 1 |  1.8
Throwing       | 3 |  3.5
Armour         | 3 |  3.5
Fighting       | 5 |  5.1
Polearms       | 5 |  5.1
Dodging        | 5 |  5.1
Translocations | |  5.8

Action                   |  1- 3 |  4- 6 |  7- 9 || total
-------------------------+-------+-------+-------++-------
Melee: Spear             |    78 |   361 |    43 ||   482
       Bite              |     9 |    40 |     5 ||    54
       Punch             |       |     9 |     2 ||    11
Throw: Dart              |       |     3 |       ||     3
 Stab: Sleeping          |     1 |    10 |       ||    11
Armor: Leather armour    |    14 |    46 |    10 ||    70
Dodge: Dodged            |    28 |   171 |    24 ||   223
